[Event "42nd Olympiad Baku 2016 Open"]
[Site "Baku"]
[Date "2016.09.08"]
[Round "6.32"]
[White "Khader, Sami"]
[Black "Romero Barreto, Jaime Jose"]
[Result "1-0"]
[ECO "A48"]
[WhiteElo "2373"]
[BlackElo "2245"]
[Annotator ""]
[PlyCount "53"]
[EventDate "2016.??.??"]
[EventCountry "AZE"]
[SourceTitle "playchess.com"]
[Source "ChessBase"]
[WhiteTeam "Jordan"]
[BlackTeam "Venezuela"]
[WhiteTeamCountry "JOR"]
[BlackTeamCountry "VEN"]
[TimeControl "40/5400+30:1800+30"]

1. d4 {(00:00} Nf6 {(00:00} 2. Nf3 {(00:02} g6 {
(00:00} 3. Bf4 {(00:24} Bg7 {(00:10} 4. e3 {(00:
08} d6 {(01:58} 5. h3 {(00:05} O-O {(02:16} 6. Be2 {
(00:14} c6 {(02:59} 7. O-O {(00:26} Nbd7 {(07:
50} 8. c4 {(00:11} Qb6 {(23:30} 9. Qc2 {(01:45} Re8 {
(00:22} 10. Nc3 {(01:02} e5 {(02:16} 11. Bh2 {(
01:59} h6 {(06:21} 12. Rfd1 {(13:06} Nh7 {(01:31} 13.
Ne4 {(04:04} Qc7 {(08:28} 14. dxe5 {(00:55} dxe5 {
(00:05} 15. Nd6 {(02:46} Re7 {(00:23} 16. c5 {(
01:51} Ng5 {(00:27} 17. Nxg5 {(02:14} hxg5 {(00:06}
18. Ne4 {(01:23} Bh6 {(05:27} 19. Rd6 {(03:02} Qa5 {
(03:15} 20. a3 {(02:11} Nf8 {(01:34} 21. b4 {(
00:15} Qc7 {(00:03} 22. Nf6+ {(01:02} Kh8 {(00:14} 23.
Qc3 {(00:26} Bg7 {(00:06} 24. Bxe5 {(01:41} Rxe5 {
(02:15} 25. Qxe5 {(00:12} Bf5 {(00:07} 26. Rad1 {
(03:17} Nd7 {(00:29} 27. Qe7 {(01:23} 1-0

[Event "42nd Olympiad Baku 2016 Open"]
[Site "Baku"]
[Date "2016.09.08"]
[Round "6.26"]
[White "Khalema, Sechaba"]
[Black "Mirzaad, S wahabuddin"]
[Result "0-1"]
[ECO "D78"]
[WhiteElo "1754"]
[BlackElo "2069"]
[Annotator ""]
[PlyCount "100"]
[EventDate "2016.??.??"]
[EventCountry "AZE"]
[SourceTitle "playchess.com"]
[Source "ChessBase"]
[WhiteTeam "Lesotho"]
[BlackTeam "Afghanistan"]
[WhiteTeamCountry "LES"]
[BlackTeamCountry "AFG"]
[TimeControl "40/5400+30:1800+30"]

1. d4 {(00:17} Nf6 {(00:00} 2. c4 {(02:12} g6 {(
00:00} 3. Nf3 {(01:55} Bg7 {(00:00} 4. g3 {(04:01} O-O
{(00:03} 5. Bg2 {(03:14} d5 {(00:06} 6. O-O {(
00:54} c6 {(00:42} 7. cxd5 {(03:59} Nxd5 {(00:57} 8.
e4 {(02:17} Nf6 {(00:40} 9. Nc3 {(04:01} Bg4 {(
00:40} 10. h3 {(00:56} Bxf3 {(00:12} 11. Bxf3 {(00:17}
e6 {(01:05} 12. Be3 {(02:29} Nbd7 {(00:27} 13. Rc1 {
(00:40} Nb6 {(00:14} 14. Qe2 {(01:24} Qe7 {(01:
05} 15. Rfd1 {(02:19} Rfd8 {(00:18} 16. Rd2 {(01:47}
e5 {(00:53} 17. Rcd1 {(02:15} exd4 {(00:55} 18. Rxd4 {
(00:58} Rxd4 {(00:17} 19. Bxd4 {(00:31} Re8 {(
01:09} 20. Qc2 {(02:25} c5 {(05:15} 21. Be3 {(00:45}
h6 {(05:34} 22. h4 {(02:21} Nc4 {(04:11} 23. Bc1 {
(00:17} Ne5 {(01:05} 24. Bg2 {(00:26} Nc6 {(01:
02} 25. Nd5 {(00:45} Nxd5 {(00:32} 26. exd5 {(02:28}
Nd4 {(00:43} 27. Qd3 {(01:05} Qd6 {(06:07} 28. Be3 {
(01:23} Nf5 {(14:08} 29. Qb5 {(07:19} Rxe3 {(00:
37} 30. fxe3 {(02:58} Qxg3 {(00:03} 31. Qxc5 {(09:58}
Nxe3 {(01:15} 32. Qc8+ {(14:13} Kh7 {(00:19} 33. Qh3 {
(00:57} Qxh3 {(00:06} 34. Bxh3 {(02:51} Nxd1 {(
00:04} 35. b3 {(00:16} Nc3 {(00:11} 36. a4 {(00:03}
Bf6 {(00:41} 37. h5 {(01:54} Nxd5 {(01:20} 38. hxg6+ {
(00:16} fxg6 {(00:13} 39. Bg2 {(00:10} Bd4+ {(
00:14} 40. Kh1 {(00:00} Nf4 {(00:00} 41. Bxb7 {(00:18}
a5 {(00:47} 42. Kh2 {(00:12} Kg7 {(00:20} 43. Kg3 {
(01:01} g5 {(00:12} 44. Kf3 {(00:32} Kf6 {(00:
08} 45. Ba6 {(00:14} h5 {(00:32} 46. Bb5 {(00:07} Ke5
{(00:17} 47. Be8 {(00:26} g4+ {(00:15} 48. Kg3 {
(01:42} Kf5 {(00:10} 49. Bf7 {(00:41} Kg5 {(00:
29} 50. Bc4 {(00:17} Bg1 {(00:09} 0-1

[Event "42nd Olympiad Baku 2016 Open"]
[Site "Baku"]
[Date "2016.09.08"]
[Round "6.10"]
[White "Khusenkhojaev, Muhammad"]
[Black "Pancevski, Filip"]
[Result "1/2-1/2"]
[ECO "E68"]
[WhiteElo "2436"]
[BlackElo "2503"]
[Annotator ""]
[PlyCount "84"]
[EventDate "2016.??.??"]
[EventCountry "AZE"]
[SourceTitle "playchess.com"]
[Source "ChessBase"]
[WhiteTeam "Tajikistan"]
[BlackTeam "Macedonia"]
[WhiteTeamCountry "TJK"]
[BlackTeamCountry "MKD"]
[TimeControl "40/5400+30:1800+30"]

1. Nf3 {(00:29} g6 {(00:00} 2. d4 {(00:14} Bg7 {
(00:00} 3. g3 {(00:09} Nf6 {(00:00} 4. Bg2 {(00:
04} O-O {(00:00} 5. O-O {(00:06} d6 {(00:00} 6. c4 {
(00:11} Nbd7 {(00:07} 7. Nc3 {(00:06} e5 {(00:
07} 8. e4 {(00:10} exd4 {(00:06} 9. Nxd4 {(00:07} Re8
{(00:05} 10. h3 {(00:20} Nc5 {(00:08} 11. Re1 {(
00:08} a5 {(00:05} 12. Qc2 {(00:30} c6 {(18:42} 13.
Bf4 {(00:30} Nfd7 {(11:48} 14. Red1 {(07:10} Ne5 {
(03:23} 15. b3 {(00:36} Qf6 {(04:25} 16. Be3 {(
02:57} g5 {(06:26} 17. Rac1 {(08:15} h5 {(16:29} 18.
Nf5 {(12:05} Bxf5 {(01:32} 19. exf5 {(02:06} g4 {
(02:33} 20. h4 {(09:51} Bh6 {(01:56} 21. Bxh6 {(
00:13} Qxh6 {(00:02} 22. Qd2 {(03:32} Qxd2 {(01:07}
23. Rxd2 {(03:23} a4 {(10:34} 24. b4 {(06:12} Ncd3 {
(00:46} 25. Rb1 {(00:18} Ne1 {(02:23} 26. Rxd6 {
(05:00} Nxc4 {(02:54} 27. Rd7 {(02:22} Nxg2 {(
11:14} 28. Kxg2 {(00:18} b5 {(01:38} 29. Rc7 {(02:33}
Rad8 {(02:06} 30. Rxc6 {(04:25} Rd2 {(00:52} 31. Rc1 {
(16:27} Ne3+ {(01:30} 32. Kg1 {(00:15} Nxf5 {(
00:07} 33. Rc5 {(01:46} Nd4 {(00:10} 34. Kg2 {(02:33}
Nf3 {(02:12} 35. Rxh5 {(06:30} Ne1+ {(00:01} 36. Kg1 {
(02:39} Nf3+ {(00:02} 37. Kg2 {(00:10} a3 {(00:
58} 38. Rxb5 {(01:01} Ne1+ {(00:54} 39. Kg1 {(00:13}
Nf3+ {(00:01} 40. Kg2 {(00:00} Ne1+ {(00:00} 41. Kg1 {
(00:17} Nf3+ {(13:16} 42. Kg2 {(00:06} Ne1+ {(
06:01} 1/2-1/2

[Event "42nd Olympiad Baku 2016 Open"]
[Site "Baku"]
[Date "2016.09.08"]
[Round "6.1"]
[White "Kigigha, Bomo"]
[Black "Aderito, Pedro"]
[Result "0-1"]
[ECO "E63"]
[WhiteElo "2340"]
[BlackElo "2315"]
[Annotator ""]
[PlyCount "132"]
[EventDate "2016.??.??"]
[EventCountry "AZE"]
[SourceTitle "playchess.com"]
[Source "ChessBase"]
[WhiteTeam "Nigeria"]
[BlackTeam "Angola"]
[WhiteTeamCountry "NGR"]
[BlackTeamCountry "ANG"]
[TimeControl "40/5400+30:1800+30"]

1. c4 {(00:00} Nf6 {(00:00} 2. g3 {(00:00} a6 {(
00:35} 3. Bg2 {(00:11} g6 {(00:57} 4. Nf3 {(06:02} Bg7
{(05:15} 5. O-O {(00:17} O-O {(00:10} 6. d4 {(
02:25} d6 {(02:48} 7. Nc3 {(01:18} Nc6 {(01:57} 8. d5
{(05:21} Na5 {(00:56} 9. Nd2 {(00:36} c5 {(00:
24} 10. dxc6 {(00:15} Nxc6 {(00:21} 11. b3 {(00:41}
Qa5 {(00:28} 12. Bb2 {(00:17} Qh5 {(00:25} 13. e3 {
(13:28} Bg4 {(02:58} 14. f3 {(01:04} Bh3 {(02:
48} 15. Bxh3 {(05:05} Qxh3 {(00:36} 16. Qe2 {(05:25}
Nd7 {(10:06} 17. Nde4 {(02:59} Nde5 {(06:56} 18. f4 {
(13:13} Ng4 {(03:36} 19. Nd5 {(00:26} Bxb2 {(01:
10} 20. Qxb2 {(00:03} f6 {(05:22} 21. b4 {(03:48} Rf7
{(04:45} 22. b5 {(02:05} Nd8 {(01:45} 23. Qe2 {(
10:27} Kh8 {(05:26} 24. a4 {(05:56} Ne6 {(05:05} 25.
Qb2 {(10:01} Kg8 {(08:04} 26. Qe2 {(00:26} Kh8 {
(01:15} 27. Rfc1 {(00:54} Ng7 {(01:08} 28. Nd2 {
(01:20} e6 {(03:36} 29. Nc3 {(02:54} Nf5 {(00:
56} 30. Nf1 {(00:43} e5 {(01:14} 31. Nd5 {(02:10} Re8
{(00:59} 32. Qg2 {(00:45} Qxg2+ {(01:37} 33. Kxg2 {
(00:03} exf4 {(01:25} 34. exf4 {(00:03} Nge3+ {(
11:15} 35. Nfxe3 {(00:05} Nxe3+ {(00:14} 36. Kf3 {(03:
26} Nxd5 {(03:51} 37. cxd5 {(00:03} axb5 {(01:07} 38.
axb5 {(00:03} Rfe7 {(00:43} 39. Ra3 {(00:40} f5 {
(03:18} 40. b6 {(00:00} Kg7 {(00:00} 41. Ra7 {(
10:32} Kf6 {(01:48} 42. Rc2 {(05:03} h6 {(00:46} 43.
h4 {(08:15} g5 {(09:52} 44. hxg5+ {(00:05} hxg5 {
(00:04} 45. fxg5+ {(00:07} Kxg5 {(00:21} 46. Ra3 {
(01:16} Kf6 {(02:15} 47. Rac3 {(02:49} Re5 {(06:
07} 48. Rd3 {(00:42} R5e7 {(03:27} 49. Rb3 {(07:25}
Ra8 {(03:23} 50. Rb5 {(02:48} Ra3+ {(00:26} 51. Kf2 {
(00:35} Ree3 {(00:19} 52. Rc7 {(00:29} Rf3+ {(
00:15} 53. Ke2 {(00:05} Rxg3 {(00:13} 54. Rxb7 {(00:03]
} Ra2+ {(02:14} 55. Kf1 {(00:07} Rh3 {(02:31} 56. Kg1 {
(00:04} f4 {(01:42} 57. Ra7 {(02:05} Rd2 {(00:
45} 58. Ra8 {(00:59} f3 {(00:59} 59. Rg8 {(00:25} f2+
{(00:57} 60. Kg2 {(00:05} Rh2+ {(00:31} 61. Kg3 {
(00:47} f1=N+ {(00:44} 62. Kf3 {(00:28} Rhf2+ {(
00:52} 63. Ke4 {(00:08} Rde2+ {(00:57} 64. Kd4 {(00:38]
} Rf4+ {(03:13} 65. Kd3 {(00:31} Re3+ {(00:11} 66. Kc2
{(00:13} Rf2+ {(00:04} 0-1

[Event "42nd Olympiad Baku 2016 Open"]
[Site "Baku"]
[Date "2016.09.08"]
[Round "6.15"]
[White "Kim, Saebyeok"]
[Black "Ben Ammar, Mohamed"]
[Result "1/2-1/2"]
[ECO "C50"]
[WhiteElo "1950"]
[BlackElo "1929"]
[Annotator ""]
[PlyCount "130"]
[EventDate "2016.??.??"]
[EventCountry "AZE"]
[SourceTitle "playchess.com"]
[Source "ChessBase"]
[WhiteTeam "Korea"]
[BlackTeam "Tunisia"]
[WhiteTeamCountry "KOR"]
[BlackTeamCountry "TUN"]
[TimeControl "40/5400+30:1800+30"]

1. e4 {(00:00} e5 {(00:00} 2. Nf3 {(00:00} Nc6 {
(00:00} 3. Bc4 {(00:16} Nf6 {(00:55} 4. d3 {(00:
15} Bc5 {(00:43} 5. c3 {(00:10} d6 {(02:22} 6. Bb3 {
(00:32} a6 {(04:39} 7. h3 {(00:14} h6 {(05:58}
8. Nbd2 {(00:27} O-O {(01:38} 9. g4 {(02:21} Be6 {
(02:27} 10. Nf1 {(01:47} Bxb3 {(09:47} 11. axb3 {
(01:48} d5 {(00:30} 12. Qe2 {(00:13} dxe4 {(05:
17} 13. dxe4 {(00:14} Qd7 {(00:34} 14. g5 {(06:26}
hxg5 {(16:10} 15. Bxg5 {(01:14} Nh5 {(01:08} 16. N1d2 {
(38:24} b5 {(08:32} 17. O-O-O {(04:05} f6 {(04:
45} 18. Be3 {(00:16} Bxe3 {(00:11} 19. Qxe3 {(01:20}
Nf4 {(00:21} 20. Rdg1 {(14:26} Rad8 {(13:30} 21. Nh4 {
(08:24} Ne7 {(09:24} 22. Rg3 {(02:28} Kf7 {(04:
24} 23. Ng2 {(03:27} g5 {(00:40} 24. h4 {(00:26} Rh8 {
(00:47} 25. Nf3 {(06:35} Neg6 {(02:34} 26. Rg1 {
(01:03} Qd3 {(04:52} 27. Nxf4 {(02:27} Nxf4 {(
00:20} 28. Qxd3 {(02:13} Rxd3 {(00:23} 29. Kc2 {(01:27]
} g4 {(00:54} 30. Nxe5+ {(00:34} fxe5 {(00:01} 31. Rxd3
{(00:08} Nxd3 {(00:03} 32. Kxd3 {(00:06} Rxh4 {(
00:13} 33. Ra1 {(00:28} Rh6 {(01:11} 34. c4 {(00:19}
Rh3+ {(00:59} 35. Ke2 {(02:06} b4 {(00:23} 36. Rxa6 {
(00:29} Rxb3 {(00:22} 37. Rc6 {(00:21} Rxb2+ {(
00:16} 38. Ke1 {(00:35} b3 {(00:23} 39. Rxc7+ {(00:18}
Kf6 {(00:00} 40. Rb7 {(00:00} Kg5 {(00:00} 41. c5 {
(08:15} Kf4 {(28:55} 42. c6 {(00:45} Rc2 {(00:
58} 43. Rxb3 {(00:46} Rxc6 {(00:02} 44. Kf1 {(00:53}
Kxe4 {(03:13} 45. Kg2 {(00:14} Kf4 {(00:25} 46. Rb4+ {
(01:10} e4 {(00:17} 47. Rb8 {(00:37} Rf6 {(00:
42} 48. Re8 {(00:31} Rf7 {(00:26} 49. Rg8 {(00:26} Rf6
{(00:18} 50. Re8 {(00:07} g3 {(01:08} 51. fxg3+ {
(05:56} Ke3 {(00:14} 52. Ra8 {(02:16} Rf2+ {(00:
27} 53. Kg1 {(00:05} Rd2 {(00:12} 54. g4 {(14:18} Ke2
{(01:15} 55. g5 Rd5 {(00:34} 56. Ra2+ {(01:23} Kf3 {
(00:29} 57. Rf2+ {(00:53} Kg3 {(00:44} 58. Rg2+ {
(00:39} Kf4 {(00:05} 59. g6 {(00:18} Rd1+ {(00:
21} 60. Kh2 {(00:20} Rd8 {(00:32} 61. g7 {(00:05} Rg8
{(00:04} 62. Kg1 {(00:06} e3 {(00:22} 63. Kf1 {(
00:08} Kf3 {(00:05} 64. Rg6 {(00:32} e2+ {(01:56} 65.
Ke1 {(00:08} Ke3 {(00:30} 1/2-1/2

[Event "42nd Olympiad Baku 2016 Open"]
[Site "Baku"]
[Date "2016.09.08"]
[Round "6.27"]
[White "Klasan, Vladimir"]
[Black "Bengherabi, Khalil"]
[Result "1/2-1/2"]
[ECO "B30"]
[WhiteElo "2401"]
[BlackElo "2241"]
[Annotator ""]
[PlyCount "81"]
[EventDate "2016.??.??"]
[EventCountry "AZE"]
[SourceTitle "playchess.com"]
[Source "ChessBase"]
[WhiteTeam "ICCD"]
[BlackTeam "ALG"]
[WhiteTeamCountry "SRB"]
[BlackTeamCountry "ALG"]
[TimeControl "40/5400+30:1800+30"]

1. e4 {(00:00} c5 {(00:00} 2. Nf3 {(00:19} Nc6 {
(00:01} 3. b3 {(00:05} e5 {(01:43} 4. Bb5 {(02:
40} d6 {(01:36} 5. O-O {(01:04} g6 {(00:17} 6. d3 {
(25:34} Bg7 {(11:15} 7. Nc3 {(08:20} a6 {(02:39]
} 8. Bc4 {(04:00} b5 {(00:26} 9. Bg5 {(09:13} Nge7 {
(01:33} 10. Bd5 {(00:34} f6 {(01:27} 11. Bh4 {(
03:17} b4 {(04:06} 12. Bxc6+ {(02:55} Nxc6 {(00:08}
13. Nd5 {(01:31} Be6 {(00:18} 14. Ne3 {(02:04} O-O {
(00:21} 15. Nd2 {(02:36} Qc7 {(08:53} 16. f3 {(
02:56} f5 {(07:17} 17. Bf2 {(00:16} f4 {(02:30} 18.
Nec4 {(00:14} g5 {(01:50} 19. a3 {(02:44} a5 {(
05:16} 20. Qe2 {(05:31} h5 {(11:50} 21. Rfb1 {(00:05}
Na7 {(05:14} 22. axb4 {(03:39} axb4 {(00:08} 23. Ra6
Nb5 {(05:34} 24. Rba1 {(05:45} Qb7 {(07:17} 25. R6a5 {
(00:06} Rxa5 {(02:14} 26. Rxa5 {(01:57} Ra8 {(
00:13} 27. Rxa8+ {(02:51} Qxa8 {(00:05} 28. Qe1 {(02:
37} Bf8 {(13:47} 29. Kf1 {(04:05} Nc3 {(01:50} 30. Nb1
{(01:13} Nxb1 {(02:32} 31. Qxb1 {(00:07} Be7 {(
00:02} 32. Ke2 {(01:34} g4 {(00:33} 33. Qe1 {(00:39}
Qa2 {(01:28} 34. Qc1 {(01:54} Kf7 {(01:30} 35. Ke1 {
(02:34} gxf3 {(00:27} 36. gxf3 {(00:06} Qa8 {(
00:07} 37. Ke2 {(00:26} Qg8 {(00:18} 38. Qg1 {(01:58}
Qxg1 {(00:43} 39. Bxg1 {(00:04} Ke8 {(01:23} 40. Nb6 {
(00:00} Bd8 {(00:00} 41. Nc4 {(03:53} 1/2-1/2

[Event "42nd Olympiad Baku 2016 Open"]
[Site "Baku"]
[Date "2016.09.08"]
[Round "6.19"]
[White "Kobese, Watu"]
[Black "Nguyen, Huynh Minh Huy"]
[Result "1/2-1/2"]
[ECO "B87"]
[WhiteElo "2350"]
[BlackElo "2435"]
[Annotator ""]
[PlyCount "75"]
[EventDate "2016.??.??"]
[EventCountry "AZE"]
[SourceTitle "playchess.com"]
[Source "ChessBase"]
[WhiteTeam "South Africa"]
[BlackTeam "Vietnam"]
[WhiteTeamCountry "RSA"]
[BlackTeamCountry "VIE"]
[TimeControl "40/5400+30:1800+30"]

1. e4 {(00:00} c5 {(00:00} 2. Nf3 {(00:00} d6 {(
00:00} 3. d4 {(00:00} cxd4 {(00:07} 4. Nxd4 {(00:00}
Nf6 {(00:07} 5. Nc3 {(00:00} a6 {(00:05} 6. Bc4 {
(00:22} e6 {(00:09} 7. Bb3 {(00:06} b5 {(00:07}
8. Be3 {(00:19} Be7 {(00:16} 9. f4 {(00:30} Bb7 {
(01:13} 10. e5 {(04:14} dxe5 {(06:04} 11. fxe5 {
(00:07} Nfd7 {(00:28} 12. Qg4 {(19:11} Nxe5 {(
13:47} 13. Qh5 {(00:22} Bh4+ {(01:40} 14. g3 {(01:38}
g6 {(37:16} 15. Qxe5 {(03:48} Bf6 {(00:16} 16. Nxe6 {
(00:26} Bxe5 {(04:59} 17. Nxd8 {(00:18} Bxc3+ {(
02:43} 18. bxc3 {(00:12} Bxh1 {(00:07} 19. Nxf7 {(00:
46} Rf8 {(00:05} 20. O-O-O {(04:07} Rxf7 {(00:11} 21.
Bg5 {(10:09} Nc6 {(04:17} 22. Re1+ {(01:50} Kf8 {
(00:06} 23. Bh6+ {(02:31} Kg8 {(00:05} 24. Rxh1 {
(00:32} Ne5 {(00:25} 25. Be6 {(11:23} Re8 {(01:
02} 26. Rd1 {(00:22} Kh8 {(02:52} 27. Bxf7 {(02:30}
Nxf7 {(00:05} 28. Bf4 {(00:24} g5 {(00:34} 29. Bc7 {
(01:37} Kg7 {(02:27} 30. g4 {(07:46} Rc8 {(04:
13} 31. Bb6 {(00:46} Kg6 {(00:17} 32. Bd4 {(00:47} Rc6
{(00:34} 33. Re1 {(00:43} h5 {(00:30} 34. h3 {(
08:59} hxg4 {(00:10} 35. hxg4 {(00:02} Nh6 {(00:11}
36. Re4 {(00:21} Kf7 {(00:33} 37. Be3 {(04:52} Re6 {
(00:09} 38. Rxe6 {(00:15} 1/2-1/2

[Event "42nd Olympiad Baku 2016 Open"]
[Site "Baku"]
[Date "2016.09.08"]
[Round "6.8"]
[White "Korobov, Anton"]
[Black "Shankland, Samuel L"]
[Result "1/2-1/2"]
[ECO "D86"]
[WhiteElo "2675"]
[BlackElo "2679"]
[Annotator ""]
[PlyCount "87"]
[EventDate "2016.??.??"]
[EventCountry "AZE"]
[SourceTitle "playchess.com"]
[Source "ChessBase"]
[WhiteTeam "Ukraine"]
[BlackTeam "United States"]
[WhiteTeamCountry "UKR"]
[BlackTeamCountry "USA"]
[TimeControl "40/5400+30:1800+30"]

1. d4 {(00:00} Nf6 {(00:00} 2. c4 {(00:00} g6 {(
00:00} 3. Nc3 {(00:00} d5 {(00:00} 4. cxd5 {(00:00}
Nxd5 {(00:00} 5. e4 {(00:20} Nxc3 {(00:02} 6. bxc3 {
(00:03} Bg7 {(00:07} 7. Bc4 {(00:21} c5 {(00:21]
} 8. Ne2 {(00:06} Nc6 {(00:15} 9. Be3 {(00:15} O-O {
(00:09} 10. O-O {(00:07} Qc7 {(00:41} 11. Rc1 {(
00:08} b6 {(00:07} 12. Bf4 {(03:42} e5 {(03:09} 13.
Be3 {(03:40} exd4 {(07:00} 14. cxd4 {(00:29} cxd4 {
(00:05} 15. Nxd4 {(00:13} Bxd4 {(00:13} 16. Bxd4 {
(00:10} Nxd4 {(00:03} 17. Qxd4 {(00:07} Qe7 {(
03:34} 18. Bd5 {(12:32} Bb7 {(02:18} 19. h4 {(05:18}
Rfe8 {(11:28} 20. Rfd1 {(06:17} Rad8 {(05:36} 21. h5 {
(06:12} Bxd5 {(06:52} 22. exd5 {(00:36} Qe4 {(
06:47} 23. Rc7 {(11:32} Qxd4 {(07:41} 24. Rxd4 {(01:52]
} Re1+ {(00:15} 25. Kh2 {(00:05} Re5 {(00:03} 26. h6 {
(13:23} Rh5+ {(01:20} 27. Kg3 {(02:58} Rxh6 {(
00:13} 28. Rf4 {(07:48} Rf8 {(04:21} 29. Rxa7 {(02:26}
Rh5 {(00:31} 30. Rd7 {(01:27} Kg7 {(02:51} 31. a4 {
(01:27} Re5 {(04:03} 32. Rd4 {(01:47} Ra8 {(03:
15} 33. Rb7 {(04:31} Rg5+ {(08:43} 34. Kh3 {(05:03}
Rh5+ {(00:20} 35. Kg3 {(01:39} Rg5+ {(00:06} 36. Kf3 {
(00:43} Rf5+ {(01:02} 37. Ke2 {(00:12} Re8+ {(
00:40} 38. Kf1 {(00:35} Rfe5 {(00:44} 39. g3 {(09:17}
Re4 {(00:15} 40. Rd3 {(00:00} Rxa4 {(00:00} 41. Rf3 {
(04:57} Rf8 {(01:03} 42. Rxb6 {(00:19} Rd4 {(00:
40} 43. Rd6 {(00:14} h5 {(02:06} 44. Kg2 {(03:01}
1/2-1/2

[Event "42nd Olympiad Baku 2016 Open"]
[Site "Baku"]
[Date "2016.09.08"]
[Round "6.2"]
[White "Kosic, Dragan"]
[Black "AL-Sayed, Mohammed"]
[Result "1/2-1/2"]
[ECO "A46"]
[WhiteElo "2517"]
[BlackElo "2521"]
[Annotator ""]
[PlyCount "52"]
[EventDate "2016.??.??"]
[EventCountry "AZE"]
[SourceTitle "playchess.com"]
[Source "ChessBase"]
[WhiteTeam "Montenegro"]
[BlackTeam "Qatar"]
[WhiteTeamCountry "MNE"]
[BlackTeamCountry "QAT"]
[TimeControl "40/5400+30:1800+30"]

1. d4 {(00:00} Nf6 {(00:00} 2. Nf3 {(00:00} d6 {
(00:00} 3. Bg5 {(01:42} Nbd7 {(00:05} 4. Nbd2 {(
00:06} e5 {(00:53} 5. e3 {(01:02} Be7 {(00:43} 6. Bd3
{(04:36} h6 {(00:17} 7. Bh4 {(02:03} exd4 {(01:
02} 8. exd4 {(01:59} Nh5 {(00:06} 9. Bxe7 {(06:17}
Qxe7+ {(00:09} 10. Qe2 {(00:11} Nf4 {(04:47} 11. Qxe7+
{(00:16} Kxe7 {(00:04} 12. Bf1 {(00:07} Nf6 {(
00:24} 13. h3 {(01:13} Bf5 {(01:34} 14. O-O-O {(00:35}
Kd7 {(01:12} 15. g3 {(02:33} N4d5 {(00:23} 16. a3 {
(02:55} Rae8 {(09:37} 17. Bg2 {(05:36} Re2 {(03:
51} 18. Rhf1 {(00:34} Rhe8 {(07:54} 19. Rde1 {(06:23}
Rxe1+ {(01:58} 20. Rxe1 {(00:07} Rxe1+ {(00:39} 21.
Nxe1 {(00:14} c6 {(00:14} 22. c3 {(02:42} Ne7 {(
01:45} 23. Nc2 {(00:25} Ned5 {(01:23} 24. Ne1 {(02:02}
Ne7 {(00:07} 25. Nc2 {(00:07} Ned5 {(00:06} 26. Ne1 {
(00:13} Ne7 1/2-1/2

[Event "42nd Olympiad Baku 2016 Open"]
[Site "Baku"]
[Date "2016.09.08"]
[Round "6.38"]
[White "Kovalenko, Igor"]
[Black "Utegaliyev, Azamat"]
[Result "1-0"]
[ECO "A14"]
[WhiteElo "2651"]
[BlackElo "2513"]
[Annotator ""]
[PlyCount "105"]
[EventDate "2016.??.??"]
[EventCountry "AZE"]
[SourceTitle "playchess.com"]
[Source "ChessBase"]
[WhiteTeam "Latvia"]
[BlackTeam "Kazakhstan"]
[WhiteTeamCountry "LAT"]
[BlackTeamCountry "KAZ"]
[TimeControl "40/5400+30:1800+30"]

1. Nf3 {(00:00} Nf6 {(00:00} 2. c4 {(00:00} c5 {
(00:01} 3. Nc3 {(00:00} Nc6 {(00:02} 4. g3 {(00:
00} d5 {(06:42} 5. cxd5 {(00:00} Nxd5 {(00:02} 6. Bg2
{(00:00} e6 {(00:03} 7. O-O {(00:15} Be7 {(00:
14} 8. d4 {(00:12} O-O {(05:51} 9. e4 {(01:19} Ndb4 {
(22:06} 10. a3 {(09:31} cxd4 {(01:15} 11. axb4 {
(00:05} dxc3 {(00:03} 12. bxc3 {(02:38} Qc7 {(
02:27} 13. Qe2 {(27:46} e5 {(15:53} 14. Be3 {(01:56}
Be6 {(01:51} 15. Rfb1 {(13:13} b6 {(07:29} 16. Nd2 {
(00:40} a5 {(13:20} 17. bxa5 {(06:57} Nxa5 {(03:
32} 18. Bxb6 {(00:04} Qxc3 {(00:10} 19. Rc1 {(00:06}
Qb4 {(00:49} 20. Rab1 {(00:34} Nb3 {(02:40} 21. Nxb3 {
(01:26} Qxb6 {(00:04} 22. Nc5 {(02:11} Qxb1 {(
02:00} 23. Rxb1 {(00:08} Bxc5 {(00:03} 24. h4 {(06:44}
Bd4 {(02:16} 25. Rc1 {(01:21} Ra2 {(03:56} 26. Rc2 {
(00:04} Rfa8 {(00:15} 27. Kh2 {(00:25} h6 {(04:
35} 28. f4 {(03:52} Kh7 {(04:30} 29. f5 {(02:26} Bb3 {
(00:02} 30. Rxa2 {(00:37} Rxa2 {(00:01} 31. Qd3 {
(00:50} Rb2 {(00:44} 32. Kh3 {(00:27} Ba2 {(01:
05} 33. Bf3 {(02:05} Bb1 {(01:33} 34. Qc4 {(00:48} Ba2
{(00:15} 35. Qa6 {(02:55} Rc2 {(00:27} 36. Qa4 {
(01:14} Rb2 {(00:58} 37. Bh5 {(00:11} Rf2 {(00:
44} 38. Qe8 {(00:45} g6 {(00:27} 39. fxg6+ {(00:51}
Kg7 {(00:04} 40. gxf7 {(00:00} Bxf7 {(00:00} 41. Bxf7 {
(00:09} Rxf7 {(00:14} 42. Kg4 {(00:34} Rf8 {(01:
19} 43. Qe6 {(00:44} Rf6 {(00:05} 44. Qb3 {(00:03} Rb6
{(00:16} 45. Qa3 {(00:56} Kg6 {(03:08} 46. Qf8 {
(02:13} Kh7 {(05:45} 47. Kh5 {(00:31} Rb7 {(02:
37} 48. Qxh6+ {(00:14} Kg8 {(00:04} 49. Qe6+ {(00:05}
Kh7 {(00:13} 50. g4 {(00:22} Rg7 {(00:36} 51. g5 {
(00:07} Kh8 {(00:08} 52. Qf6 {(00:15} Kg8 {(00:
18} 53. Kh6 {(01:07} 1-0